 Dungeon Crawl Stone Soup version 0.28.0-45-g0d030f2227 (webtiles) character file.

Game seed: 9054912775395354986

1354 ultragoat the Shield-Bearer (level 8, -8/71 HPs)
             Began as a Minotaur Fighter on Apr 18, 2022.
             Was a Follower of Okawaru.
             Mangled by a boulder beetle (14 damage)
             ... on level 6 of the Dungeon.
             The game lasted 00:17:20 (5658 turns).

ultragoat the Shield-Bearer (Minotaur Fighter)      Turns: 5658, Time: 00:17:20

Health: -8/71      AC: 13    Str: 23    XL:     8   Next: 37%
Magic:  6/8        EV: 10    Int:  5    God:    Okawaru [*.....]
Gold:   125        SH: 16    Dex: 10    Spells: 7/7 levels left

rFire   . . .      SeeInvis .   o - +0 war axe (vorpal)
rCold   . . .      Faith    .   e - +0 tower shield
rNeg    . . .      Spirit   .   b - +0 scale mail
rPois   .          Reflect  .   (helmet restricted)
rElec   .          Harm     .   m - +1 cloak
rCorr   .          Rampage  .   g - +0 pair of gloves
Will    .....                   (no boots)
Stlth   +.........              (no amulet)
HPRegen 0.21/turn               (no ring)
MPRegen 0.11/turn               (no ring)

@: heroic
A: horns 2, retaliatory headbutt
a: Renounce Religion, Heroism


You were on level 6 of the Dungeon.
You worshipped Okawaru.
Okawaru was aware of your devotion.
You visited 2 branches of the dungeon, and saw 7 of its levels.

You collected 125 gold pieces.

Inventory:

Hand Weapons
 a - a +0 war axe
 o - a +0 vorpal war axe (weapon)
Armour
 b - a +0 scale mail (worn)
 c - a +1 leather armour of poison resistance
 e - a +0 tower shield (worn)
 g - a +0 pair of gloves (worn)
 m - a +1 cloak (worn)
Jewellery
 i - a ring of wizardry
 r - a ring of positive energy
Wands
 l - a wand of flame (7)
 v - a wand of polymorph (1)
Scrolls
 j - 2 scrolls of immolation
 k - 6 scrolls of teleportation
 s - 2 scrolls of magic mapping {unknown}
 t - a scroll of noise {unknown}
Potions
 d - 2 potions of might
 f - 2 potions of flight
 h - a potion of mutation
 n - a potion of magic
 p - a potion of invisibility
 u - a potion of berserk rage {unknown}
Miscellaneous
 w - a piece from Xom's chessboard (15/15)


   Skills:
 + Level 6.7(11.7) Fighting
 + Level 6.8(11.8) Axes
 + Level 6.7(11.7) Armour
 * Level 2.1(7.1) Dodging
 - Level 6.9(11.9) Shields
 * Level 1.3 Invocations


You had 7 spell levels left.
You didn't know any spells.
Your spell library contained the following spells:

 Spells                   Type           Power      Damage    Failure   Level
 Portal Projectile        Hex/Tloc       0%         N/A       100%        3
 Leda's Liquefaction      Hex/Erth       0%         N/A       100%        4
 Call Canine Familiar     Summ           Unusable   N/A       N/A         3
 Malign Gateway           Summ/Tloc      Unusable   N/A       N/A         7
 Summon Horrible Things   Summ           Unusable   N/A       N/A         8

Dungeon Overview and Level Annotations

Branches:
Dungeon (6/15)             Temple (1/1) D:5

Altars:
Cheibriados
Dithmenos
Elyvilon
Gozag
Okawaru
Qazlal
Ru
Sif Muna
Trog
Uskayaw
Yredelemnul
Zin

Shops:
D:4 =   D:5 (


Innate Abilities, Weirdness & Mutations

You have a pair of horns on your head.
You reflexively headbutt those who attack you in melee.


Message History

The boulder beetle is lightly wounded.
The boulder beetle bites you!
You hit the boulder beetle.
The boulder beetle is lightly wounded.
The boulder beetle bites you but does no damage.
The boulder beetle bites you!
You hit the boulder beetle.
The boulder beetle is moderately wounded.
The boulder beetle bites you.
* * * LOW HITPOINT WARNING * * *
You hit the boulder beetle. You headbutt the boulder beetle.
The boulder beetle is moderately wounded.
The boulder beetle leaps!
Aiming: Polymorph
Press: ? - help, Shift-Dir - straight line, f/p - boulder beetle
Aim: a boulder beetle (moderately wounded, will become a spark wasp, an ettin, or a fire dragon, chance to affect: 31%)
The boulder beetle easily resists.
The boulder beetle curls into a ball and begins rolling!
Aiming: Polymorph
Press: ? - help, Shift-Dir - straight line, f/p - boulder beetle
Aim: a boulder beetle (moderately wounded, rolling, will become a spark wasp, an ettin, or a fire dragon, chance to affect: 31%)
The boulder beetle easily resists.
The boulder beetle hits you.
* * * LOW HITPOINT WARNING * * *
The boulder beetle stops rolling and uncurls.
You feel much better. The boulder beetle bites you!!
You gain the combat prowess of a mighty hero.
The boulder beetle bites you!
* * * LOW HITPOINT WARNING * * *
You hit the boulder beetle but do no damage.
You headbutt the boulder beetle, but do no damage.
The boulder beetle is moderately wounded.
The boulder beetle bites you.
* * * LOW HITPOINT WARNING * * *
You barely miss the boulder beetle.
The boulder beetle is moderately wounded.
You block the boulder beetle's attack.
You hit the boulder beetle but do no damage.
The boulder beetle is moderately wounded.
The boulder beetle bites you!
You die...

#....## #......
# #.....#
######## #.....#
#.....# #.....#
#....######
#....##...# .
#.....B...# ..
#.....@...# ...
#.........# ....
#.........#.....
#+######........
........##.##..
........# ..#
.........○....#
........#...#..
..(.....##..#..


You could see a boulder beetle.

Vanquished Creatures
  Duvessa (D:4)
  2 ice beasts
  A black bear (D:3)
  A sky beast (D:5)
  3 ogres
  A phantom (D:5)
  2 scorpions
  A water moccasin zombie (D:5)
  Dowan (D:4)
  A bullfrog zombie (D:5)
  A hound (D:5)
  A centaur zombie (D:3)
  Natasha (twice) (D:3)
  3 orc wizards
  A hound skeleton (D:4)
  A howler monkey skeleton (D:4)
  4 adders
  3 adder skeletons (D:4)
  2 worms
  A dart slug (D:3)
  7 orcs
  6 endoplasms
  3 giant cockroaches
  7 goblins
  2 hobgoblins
  6 jackals
  2 quokkas
  7 ball pythons
  4 bats
  2 frilled lizards
  7 kobolds
  6 rats
92 creatures vanquished.

Vanquished Creatures (others)
  A giant cockroach (D:4)
  A plant (D:1)
2 creatures vanquished.

Grand Total: 94 creatures vanquished

Notes
Turn   | Place    | Note
-------+----------+-------------------------------------------
     0 | D:1      | ultragoat the Minotaur Fighter began the quest for the Orb.
     0 | D:1      | Reached XP level 1. HP: 19/19 MP: 0/0
   452 | D:1      | Reached XP level 2. HP: 26/27 MP: 1/1
  1244 | D:2      | Found a faded altar of an unknown god.
  1524 | D:2      | Reached XP level 3. HP: 22/33 MP: 2/2
  2400 | D:3      | Noticed a black bear
  2405 | D:3      | Killed a black bear
  2406 | D:3      | Reached XP level 4. HP: 34/41 MP: 3/3
  2406 | D:3      | Reached XP level 5. HP: 39/47 MP: 4/4
  2586 | D:3      | Noticed Natasha
  2592 | D:3      | Killed Natasha
  2696 | D:3      | Noticed Natasha
  2700 | D:3      | Killed Natasha
  2701 | D:3      | Reached skill level 5 in Fighting
  2701 | D:3      | Reached skill level 5 in Shields
  2711 | D:3      | Reached skill level 5 in Armour
  2724 | D:3      | Reached XP level 6. HP: 39/56 MP: 5/5
  2998 | D:3      | Found a bloodstained altar of Trog.
  3202 | D:4      | Noticed Dowan
  3203 | D:4      | Noticed Duvessa
  3219 | D:4      | Killed Duvessa
  3238 | D:4      | Killed Dowan
  3239 | D:4      | Reached XP level 7. HP: 26/62 MP: 6/6
  3809 | D:4      | Found Plog's Jewellery Shop.
  4208 | D:5      | Entered Level 5 of the Dungeon
  4246 | D:5      | Reached skill level 5 in Axes
  4279 | D:5      | Found a staircase to the Ecumenical Temple.
  4315 | Temple   | Entered the Ecumenical Temple
  4399 | Temple   | Became a worshipper of Warmaster Okawaru
  4830 | D:5      | Reached XP level 8. HP: 71/71 MP: 7/7
  4939 | D:5      | Reached * piety under Okawaru
  4940 | D:5      | Reached skill level 1 in Dodging
  5326 | D:5      | Found Xaetyol's Weapon Shoppe.
  5426 | D:6      | Reached skill level 1 in Invocations
  5631 | D:6      | Noticed a boulder beetle
  5658 | D:6      | Mangled by a boulder beetle

Illustrated notes

Levels and vault maps discovered:
D:1:      dpeg_arrival_arbitrary_c, layout_basic, serial_forest,
          infiniplex_forest_lined_corner, infiniplex_forest_straight_3,
          infiniplex_forest_end_3, infiniplex_forest_lined_3_way,
          infiniplex_forest_clump_medium, infiniplex_forest_clump_double,
          infiniplex_forest_straight_2
D:2:      layout_loops_ring, serial_forest, infiniplex_forest_zigzag_1,
          infiniplex_forest_straight_2, infiniplex_forest_straight_4,
          infiniplex_forest_clump_small, infiniplex_forest_straight_4,
          hellmonk_ecumenical_altar_blasted, minmay_tiny_reverse_x
D:3:      layout_loops_corners, mainiacjoe_overflow_chevrons, uniq_natasha
D:4:      layout_loops_cross, serial_forest, infiniplex_forest_lined_corner,
          infiniplex_forest_lined_2, infiniplex_forest_straight_4,
          infiniplex_forest_straight_4, infiniplex_forest_diagonal,
          serial_shops, shop_statue, corexii_checkpoint_a, uniq_duvessa
D:5:      layout_loops_corners, minmay_temple_entry_statues_fountains,
          serial_shops, kennysheep_mini
D:6:      nicolae_cairo_tiling_large, layout_gridville,
          nemelex_diamond_rough_becter, hangedman_decor_clover_reticule,
          hellmonk_bongcloud_opening, minmay_manual_mares
Temple:   minmay_temple_bridge_abc

Skill      XL: |  1  2  3  4  5  6  7  8 |
---------------+-------------------------+-----
Fighting       | 4 5 6 |  6.7
Armour         | 4 5 6 |  6.7
Shields        | 4 5 6 |  6.9
Axes           | 3 4 6 |  6.8
Dodging        | 2 |  2.1
Invocations    | 1 |  1.3

Action                   |  1- 3 |  4- 6 |  7- 9 || total
-------------------------+-------+-------+-------++-------
Melee: War axe           |    99 |    73 |    84 ||   256
       Headbutt          |    12 |     6 |    17 ||    35
Invok: Heroism           |       |       |     1 ||     1
Evoke: Wand              |       |     4 |     6 ||    10
  Use: Scroll            |     5 |       |     2 ||     7
       Potion            |     1 |     1 |     3 ||     5
Armor: Scale mail        |    44 |    30 |    41 ||   115
Dodge: Dodged            |    43 |    16 |    19 ||    78
Block: Buckler           |    19 |       |       ||    19
       Tower shield      |       |    42 |    59 ||   101
